 Dungeon Crawl Stone Soup version 0.24.1 (webtiles) character file.

Game seed: 14327900496635454729, levelgen mode: deterministic

11936 MajorAdolf the Cleaver (level 11, -11/84 HPs)
             Began as a Naga Wanderer on Mar 28, 2020.
             Was a Believer of Makhleb.
             Mangled by an ice devil (16 damage)
             ... in an ice cave.
             The game lasted 00:25:23 (16194 turns).

MajorAdolf the Cleaver (Naga Wanderer)             Turns: 16194, Time: 00:25:23

Health: -11/84     AC: 15    Str: 17    XL:     11   Next: 85%
Magic:  15/15      EV: 11    Int: 13    God:    Makhleb [**....]
Gold:   572        SH:  9    Dex: 13    Spells: 10/10 levels left

rFire    . . .     SeeInvis +   k - +6 war axe (chop)
rCold    . . .     Gourm    .   C - +0 shield
rNeg     . . .     Faith    .   I - +3 scale mail
rPois    +         Spirit   .   (helmet restricted)
rElec    .         Reflect  .   A - +1 cloak
rCorr    .         Harm     .   n - +0 pair of gloves
MR       +++..                  (no barding)
Stlth    +.........             (no amulet)
HPRegen  0.24/turn              G - ring of protection from magic
MPRegen  0.14/turn              b - +2 ring of evasion

@: starving, very slow
A: large, horns 1, see invisible, agile 1, deformed body, magic resistance 1,
poison resistance, slowness 2, slow metabolism 1, spit poison 1, subdued magic
1, AC +3
a: Spit Poison, Minor Destruction, Renounce Religion


You were in an ice cave.
You worshipped Makhleb.
Makhleb was pleased with you.
You were starving.

You visited 2 branches of the dungeon, and saw 12 of its levels.
You also visited: Ice Cave.

You collected 572 gold pieces.

Inventory:

Hand Weapons
 k - a +6 war axe of chopping (weapon)
 o - the +6 war axe "Ogrebane" {venom, -Tele rN+ MR+}
   (You took it off a goblin on level 5 of the Dungeon)

   It poisons the flesh of those it strikes.
   It protects you from negative energy.
   It affects your resistance to hostile enchantments.
   It prevents most forms of teleportation.
 E - a +0 hand axe of flaming
Missiles
 p - 6 curare-tipped darts (quivered)
Armour
 d - a +0 large shield
 n - a +0 pair of gloves (worn)
 A - a +1 cloak (worn)
 C - a +0 shield (worn)
 I - a +3 scale mail (worn)
Jewellery
 b - a +2 ring of evasion (right hand)
 i - an uncursed ring of resist corrosion
 G - a ring of protection from magic (left hand)
Wands
 a - a wand of paralysis (10)
 s - a wand of iceblast (15)
 F - a wand of disintegration (13)
Scrolls
 e - 8 scrolls of teleportation
 g - 3 scrolls of identify
 h - 2 scrolls of immolation
 l - 2 scrolls of blinking
 r - a scroll of enchant weapon
 v - 3 scrolls of remove curse
 y - 2 scrolls of fear
 D - a scroll of summoning {unknown}
Potions
 c - 2 potions of curing
 u - a potion of invisibility
 x - 3 potions of flight
 H - a potion of brilliance
Comestibles
 f - 22 rations


   Skills:
 - Level 1.0 Fighting
 + Level 11.4(11.5) Axes
   Level 2.0(7.6) Maces & Flails
   Level 2.6 Bows
 + Level 7.3 Armour
 + Level 7.0 Dodging
 - Level 3.0 Stealth
 + Level 4.9 Shields
 + Level 5.7 Invocations


You had 10 spell levels left.
You didn't know any spells.
Your spell library contained the following spells:

 Spells                   Type           Power        Failure   Level  Hunger
 Beastly Appendage        Tmut           #.....       89%         1    ##.....
 Corona                   Hex            #......      89%         1    ##.....
 Infusion                 Chrm           #...         89%         1    ##.....
 Ensorcelled Hibernation  Hex/Ice        #.....       96%         2    ###....
 Shroud of Golubria       Chrm/Tloc      #.....       96%         2    ###....
 Song of Slaying          Chrm           #.......     96%         2    ###....
 Sticks to Snakes         Tmut           #.......     96%         2    ###....
 Confuse                  Hex            #.......     99%         3    ####...
 Dazzling Spray           Conj/Hex       #.....       99%         3    ####...
 Regeneration             Chrm/Necr      #.........   99%         3    ####...
 Spectral Weapon          Hex/Chrm       #.......     99%         3    ####...
 Spider Form              Tmut/Pois      #.........   99%         3    ####...
 Tukima's Dance           Hex            #.......     99%         3    ####...
 Ice Form                 Ice/Tmut       #.......     100%        4    #####..
 Blade Hands              Tmut           #.........   100%        5    ######.


Dungeon Overview and Level Annotations

Branches:
Dungeon (11/15)            Temple (1/1) D:4           IceCv (1/1)
   Lair: D:8-11         Orc: D:9-12

Altars:
Ashenzari
Cheibriados
Dithmenos
Elyvilon
Fedhas
Gozag
Hepliaklqana
Kikubaaqudgha
Makhleb
Nemelex Xobeh
Okawaru
Qazlal
Ru
Sif Muna
Trog
Uskayaw
Vehumet
Wu Jian
Xom
Yredelemnul
Zin
The Shining One
Lugonu

Shops:
D:9 }

Annotations:
D:4 4 runed translucent doors IceCv exclusion: 3 ice statues


Innate Abilities, Weirdness & Mutations

You cannot wear boots.
Your serpentine skin is tough. (AC +3)
You have supernaturally acute eyesight. (SInv)
Armour fits poorly on your strangely shaped body.
Your system is resistant to poisons. (rPois)
You cover ground very slowly.
You have a slow metabolism.
You can spit poison.
You have a pair of small horns on your head.
You are agile. (Dex +2)
You are resistant to hostile enchantments. (MR+)
Your spells are a little easier to cast, but a little less powerful.


Message History

You block the ice devil's attack.
You barely miss the ice devil.
The ice devil is severely wounded.
You hit the ice devil. The ice devil closely misses you.
The ice devil hits you!
* * * LOW HITPOINT WARNING * * *
The ice devil freezes you!
* * * LOW HITPOINT WARNING * * *
You slice the ice devil!!
You kill the ice devil!
Makhleb accepts your kill.
You hit the ice devil. The ice devil closely misses you.
Unknown command.
You closely miss the ice devil.
The ice devil is heavily wounded.
You are starving!
The ice devil hits you!
* * * LOW HITPOINT WARNING * * *
The ice devil freezes you!
You die...

## ##
###8.#####.8###
...............
####'####
+.......+
###.8...8.#
#.'.......+
###.84..8.#
#.'.@.....+
###.8...8.#
#.'.......+
###+#...#+#
#...# #...#
#...# #...#+##
##'##44#


You could see an ice devil.

Vanquished Creatures
  A hydra (D:9)
  2 two-headed ogres
  An unseen horror (D:10)
  Pikel (D:6)
  An ugly thing (D:9)
  An ice statue (IceCv)
  2 rime drakes (D:11)
  4 ice devils (IceCv)
  2 trolls
  2 hippogriffs
  2 dream sheep (D:9)
  Sigmund (D:4)
  2 yaks (D:9)
  Menkaure (D:5)
  4 orc warriors
  4 ice beasts
  3 slaves (D:6)
  2 sky beasts
  A black bear (D:8)
  2 eyes of draining
  A phantom (D:9)
  6 ogres
  3 centaurs (D:9)
  4 big kobolds
  4 gnoll sergeants
  6 bullfrogs
  5 scorpions
  A bullfrog zombie (D:11)
  A centaur zombie (D:9)
  2 crimson imps
  3 howler monkeys (D:9)
  5 hounds
  A draconian simulacrum (IceCv)
  2 bullfrog skeletons
  4 orc priests
  Crazy Yiuf (D:6)
  5 jellies
  6 orc wizards
  Ijyb (D:3)
  Terence (D:3)
  2 iguanas (D:8)
  Natasha (thrice) (D:3)
  8 worker ants
  A troll simulacrum (IceCv)
  A centaur simulacrum (IceCv)
  A hound skeleton (D:4)
  A mummy (D:6)
  26 gnolls
  7 adders
  3 shadow imps
  An ooze (D:1)
  An adder skeleton (D:4)
  4 worms
  2 dart slugs (D:1)
  7 leopard geckos
  34 orcs
  7 giant cockroaches
  37 goblins
  37 hobgoblins
  2 jackals (D:5)
  2 quokkas
  3 ball pythons
  3 bats
  6 frilled lizards
  A giant cockroach zombie (D:5)
  3 hobgoblin zombies (D:6)
  7 kobolds
  A kobold zombie (D:6)
  3 rats
  A spectral orc (D:9)
316 creatures vanquished.

Notes
Turn   | Place    | Note
-------+----------+-------------------------------------------
     0 | D:1      | MajorAdolf the Naga Wanderer began the quest for the Orb.
     0 | D:1      | MajorAdolf set off with the following items: a +0 hand axe,
                  | a +2 scale mail, a +0 mace, a +0 dagger, a ration
     0 | D:1      | Reached XP level 1. HP: 18/18 MP: 1/1
   117 | D:1      | Reached skill level 1 in Axes
   117 | D:1      | Reached XP level 2. HP: 16/25 MP: 2/2
   727 | D:1      | Reached skill level 2 in Axes
   743 | D:1      | Reached XP level 3. HP: 31/31 MP: 3/3
  1209 | D:2      | Reached skill level 3 in Axes
  1470 | D:2      | Reached XP level 4. HP: 38/38 MP: 4/4
  1487 | D:2      | Found an ornate altar of the Wu Jian Council.
  1647 | D:2      | Noticed a bullfrog
  1667 | D:2      | Killed a bullfrog
  1667 | D:2      | Reached skill level 4 in Axes
  1667 | D:2      | Reached XP level 5. HP: 14/44 MP: 5/5
  2410 | D:3      | Noticed Natasha
  2423 | D:3      | Killed Natasha
  2423 | D:3      | Reached skill level 5 in Axes
  2577 | D:3      | Noticed Terence
  2637 | D:3      | Killed Terence
  2724 | D:3      | Reached XP level 6. HP: 20/51 MP: 6/6
  2936 | D:3      | Noticed Natasha
  2948 | D:3      | Killed Natasha
  3046 | D:3      | Found a bloodstained altar of Trog.
  3046 | D:3      | Noticed Ijyb
  3059 | D:3      | Killed Ijyb
  3231 | D:3      | Noticed Natasha
  3237 | D:3      | Killed Natasha
  3237 | D:3      | Reached skill level 6 in Axes
  3493 | D:3      | Found a sparkling altar of Nemelex Xobeh.
  3707 | D:4      | Found a staircase to the Ecumenical Temple.
  3710 | D:4      | Noticed Sigmund
  3714 | Temple   | Entered the Ecumenical Temple
  3958 | D:4      | Killed Sigmund
  3958 | D:4      | Reached skill level 7 in Axes
  3958 | D:4      | Reached XP level 7. HP: 22/57 MP: 7/7
  4254 | D:4      | Found a large runed translucent door.
  4254 | D:4      | Found a large runed translucent door.
  4430 | D:4      | Found a large runed translucent door.
  4430 | D:4      | Found a large runed translucent door.
  4675 | D:4      | Found a white marble altar of Elyvilon.
  4736 | D:4      | Reached skill level 8 in Axes
  5000 | D:4      | Found a burning altar of Makhleb.
  5010 | D:4      | Found a stormy altar of Qazlal.
  5100 | D:4      | Reached skill level 1 in Dodging
  5105 | D:4      | Noticed a hippogriff
  5128 | D:4      | Killed a hippogriff
  5128 | D:4      | Reached XP level 8. HP: 21/64 MP: 8/8
  5545 | D:4      | Found a hide-covered altar of Uskayaw.
  5545 | D:4      | Found a shimmering blue altar of Sif Muna.
  6139 | D:5      | Entered Level 5 of the Dungeon
  6983 | D:5      | Reached skill level 9 in Axes
  7148 | D:5      | Identified the +6 war axe "Ogrebane" {venom, -Tele rN+ MR+}
  7199 | D:5      | Reached XP level 9. HP: 43/70 MP: 9/9
  7277 | D:5      | Noticed Menkaure
  7283 | D:5      | Killed Menkaure
  8000 | D:6      | Found an iron altar of Okawaru.
  8165 | D:6      | Noticed Pikel
  8176 | D:6      | Killed Pikel
  8289 | D:6      | Reached skill level 5 in Armour
  8333 | D:6      | Noticed a troll
  8341 | D:6      | Killed a troll
  8670 | D:6      | Found a runed translucent door.
  8671 | D:6      | Noticed Crazy Yiuf
  8750 | D:6      | Found an ancient bone altar of Kikubaaqudgha.
  8851 | D:6      | Killed Crazy Yiuf
  9362 | D:7      | Reached skill level 10 in Axes
  9516 | D:7      | Reached skill level 1 in Shields
  9572 | D:7      | Reached skill level 5 in Dodging
  9648 | D:7      | Reached XP level 10. HP: 37/78 MP: 10/10
  9829 | D:7      | Found a shattered altar of Ashenzari.
 10022 | D:7      | Found a sacrificial altar of Ru.
 10040 | D:7      | Found an opulent altar of Gozag.
 10365 | D:4      | Became a worshipper of Makhleb the Destroyer
 10490 | D:8      | Noticed an angel
 10491 | D:8      | Found a shimmering altar of Xom.
 10491 | D:8      | Found a glowing silver altar of Zin.
 10522 | D:8      | Noticed a two-headed ogre
 10533 | D:8      | Killed a two-headed ogre
 10533 | D:8      | Reached skill level 1 in Invocations
 10853 | D:8      | Found a snail-covered altar of Cheibriados.
 12293 | D:9      | Noticed a three-headed hydra
 12304 | D:9      | Killed a one-headed hydra
 12304 | D:9      | Reached XP level 11. HP: 63/84 MP: 13/13
 12306 | D:9      | Reached * piety under Makhleb
 12510 | D:9      | Found a basalt altar of Yredelemnul.
 12525 | D:9      | Found a blossoming altar of Fedhas.
 12817 | D:9      | Noticed a white ugly thing
 12831 | D:9      | Killed a white ugly thing
 12831 | D:9      | Reached skill level 11 in Axes
 13096 | D:9      | Found Bateber's Gadget Emporium.
 13376 | D:10     | Entered Level 10 of the Dungeon
 13631 | D:10     | Noticed a two-headed ogre
 13641 | D:10     | Killed a two-headed ogre
 13959 | D:10     | Reached ** piety under Makhleb
 14170 | D:10     | Reached skill level 5 in Invocations
 14489 | D:10     | Noticed an unseen horror
 14508 | D:10     | Killed an unseen horror
 14898 | D:11     | Found a frozen archway.
 14918 | IceCv    | Entered an ice cave
 14972 | IceCv    | Gained mutation: You are resistant to hostile enchantments.
                  | (MR+) [potion of mutation]
 14972 | IceCv    | Gained mutation: You have a pair of small horns on your
                  | head. [potion of mutation]
 14972 | IceCv    | Gained mutation: Your spells are a little easier to cast,
                  | but a little less powerful. [potion of mutation]
 14972 | IceCv    | Gained mutation: You are agile. (Dex +2) [potion of
                  | mutation]
 16194 | IceCv    | Mangled by an ice devil

Levels and vault maps discovered:
D:1:      ncdulo_halloftheorcs, layout_loops_ring
D:2:      layout_basic, lemuel_round_altar
D:3:      layout_loops_corners, lemuel_coloured_pillars_altar,
          trog_three_pillars_becter, uniq_terence, uniq_ijyb, uniq_natasha
D:4:      layout_cave_pools, elyvilon_altar_5, lemuel_round_altar,
          kennysheep_mini_moat, gammafunk_temple_overflow_elements,
          minmay_temple_entry_grid, minmay_hollow_rounded_squares, uniq_sigmund
D:5:      minmay_goblin_kobold_castle, layout_cave_pods, first_ration,
          uniq_menkaure
D:6:      layout_cave_pools, lemuel_zombie_altar_kikubaaqudgha,
          okawaru_ov_weapons_minmay, minmay_mini_ossuary, uniq_pikel,
          uniq_crazy_yiuf_cottage
D:7:      layout_cave_pools, nicolae_ru_awakened_eye, lemuel_round_altar,
          ashenzari_altar_1
D:8:      layout_basic, grunt_temple_overflow_order_and_chaos_1, slow_altar_1,
          serial_co_window_serial, co_window_paths_b, co_window_paths_b,
          co_window_paths_a, co_window_of_opportunity_a, co_window_corner_a,
          co_window_paths_a, co_window_broadway_c, co_window_of_opportunity_c,
          co_window_corner_b, co_window_broadway_b, co_window_paths_c,
          co_window_2corner, co_window_4corner_b, glass_columns_a,
          glass_columns_c, glass_columns_c
D:9:      layout_irregular_city, yredelemnul_forgotten_temple_becter,
          old_standard_altar, serial_shops, kennysheep_mini, hangedman_ranch
          [blue_anna_fruit_fields]
D:10:     layout_irregular_city
D:11:     layout_loops_corners, dpeg_lair_monsters, serial_shops,
          nicolae_shop_overgrown_old_shop, portal_ice_cave_rime,
          serial_park_tiny_1, grunt_ministairs_15
Temple:   corrupted_temple
IceCv:    ice_cave_tombish

Skill      XL: |  1  2  3  4  5  6  7  8  9 10 11 |
---------------+----------------------------------+-----
Axes           | 1 2 3 4 5 7 8 9 10 11 | 11.4
Armour         | 2 4 5 6 7 |  7.3
Dodging        | 1 3 5 6 7 |  7.0
Shields        | 1 3 4 |  4.9
Invocations    | 3 5 |  5.7
Fighting       | |  1.0
Maces & Flails | |  2.0
Bows           | |  2.6
Stealth        | |  3.0

Action                   |  1- 3 |  4- 6 |  7- 9 | 10-12 || total
-------------------------+-------+-------+-------+-------++-------
Melee: Hand axe          |    99 |   177 |   122 |     9 ||   407
       War axe           |       |       |   262 |   370 ||   632
       Headbutt          |       |       |       |    16 ||    16
Throw: Dart              |       |       |     1 |     1 ||     2
Invok: Minor Destruction |       |       |       |     9 ||     9
 Abil: Spit Poison       |     7 |    21 |    10 |     3 ||    41
  Use: Scroll            |       |     8 |     1 |    14 ||    23
       Potion            |       |     1 |     6 |     6 ||    13
  Eat: Chunk             |     1 |     5 |    11 |    15 ||    32
       Ration            |       |     1 |     1 |       ||     2
Armor: Scale mail        |    59 |    62 |   236 |   170 ||   527
Dodge: Dodged            |    26 |    58 |   212 |   143 ||   439
Block: Buckler           |       |       |     9 |    49 ||    58
       Shield            |       |       |     5 |    62 ||    67
